 Dungeon Crawl Stone Soup version 0.28.0-53-g5a82cb258f (webtiles) character file.

Game seed: 3407193992211538591

44419 issech the Severer (level 13, -2/105 HPs)
             Began as a Minotaur Monk on June 17, 2022.
             Was the Champion of Hepliaklqana.
             Slain by a merfolk impaler
             ... wielding a +1 trident of venom
              (6 damage)
             ... on level 1 of the Depths.
             The game lasted 01:19:53 (22968 turns).

issech the Severer (Minotaur Monk)                 Turns: 22968, Time: 01:19:54

Health: -2/105     AC: 31    Str: 17    XL:     13   Next: 96%
Magic:  12/12      EV: 13    Int:  7    God:    Hepliaklqana [******]
Gold:   208        SH: 23    Dex: 23    Spells: 12/12 levels left

rFire   . . .      SeeInvis .   z - +3 broad axe (flame)
rCold   . . .      Faith    .   C - +2 tower shield
rNeg    . . .      Spirit   .   U - +8 chain mail of the Modern Friars {Dex+6}
rPois   .          Reflect  +   T - +2 hat
rElec   .          Harm     .   w - +0 cloak
rCorr   .          Rampage  .   (no gloves)
Will    .....                   e - +2 pair of boots
Stlth   +.........              s - amulet of reflection
HPRegen 0.27/turn               M - +4 ring of protection
MPRegen 0.13/turn               r - +4 ring of evasion

@: lethally poisoned (-2 -> -18), about to teleport
A: reduced essence, horns 2, retaliatory headbutt
a: Renounce Religion, Recall Ancestor, Ancestor Identity, Transference, Idealise


You were on level 1 of the Depths.
You worshipped Hepliaklqana.
Hepliaklqana was exalted by your worship.
You visited 3 branches of the dungeon, and saw 17 of its levels.
You also visited: Sewer and Ossuary.

You collected 1169 gold pieces.
You spent 961 gold pieces at shops.

Inventory:

Hand Weapons
 d - a +0 arbalest
 v - a +4 flail of distortion
 z - a +3 broad axe of flaming (weapon)
 L - a +6 trident
 S - a +3 long sword of freezing
Missiles
 c - 427 stones
 f - 170 sling bullets
 h - 15 boomerangs (quivered)
 k - 101 bolts
 x - 31 poisoned darts
 y - 3 throwing nets
 A - 516 arrows
 B - 2 javelins
 E - 5 silver javelins
Armour
 e - a +2 pair of boots (worn)
 q - an orb of mayhem
 w - a +0 cloak (worn)
 C - a +2 tower shield (worn)
 T - a +2 hat (worn)
 U - the +8 chain mail of the Modern Friars (worn) {Dex+6}
   (You bought it in a shop on level 14 of the Dungeon)

   Dex:       It affects your dexterity (+6).
Jewellery
 n - a +6 ring of dexterity
 r - a +4 ring of evasion (right hand)
 s - an amulet of reflection (around neck)
 t - a ring of fire
 M - a +4 ring of protection (left hand)
 Q - a +4 ring of evasion
 R - a ring of protection from cold
 W - a ring of magical power
 Y - a ring of ice
Wands
 g - a wand of paralysis (6)
 l - a wand of charming (8)
 I - a wand of flame (50)
 J - a wand of acid (3)
 X - a wand of iceblast (32)
Scrolls
 a - a scroll of fog
 b - 3 scrolls of fear
 i - 4 scrolls of teleportation
 j - 2 scrolls of blinking
 o - 6 scrolls of amnesia
 p - 4 scrolls of magic mapping
 O - a scroll of summoning
 V - 2 scrolls of noise
Potions
 m - 3 potions of curing
 u - a potion of cancellation
 D - 3 potions of haste {unknown}
 F - 2 potions of magic
 G - 4 potions of mutation {unknown}
 H - 4 potions of brilliance {unknown}
 N - 3 potions of heal wounds {unknown}
 P - 4 potions of resistance
 Z - 2 potions of might


   Skills:
 + Level 11.7 Fighting
 + Level 6.7(7.0) Short Blades
 + Level 3.1(5.6) Long Blades
 + Level 17.8(18.1) Axes
 + Level 4.8(13.1) Maces & Flails
 + Level 5.9(6.7) Staves
 + Level 3.6(5.2) Slings
 + Level 5.2(5.7) Throwing
 + Level 12.5 Armour
 + Level 8.8 Dodging
 + Level 6.5 Stealth
 + Level 6.0 Shields


You had 12 spell levels left.
You didn't know any spells.
Your spell library contained the following spells:

 Spells                   Type           Power      Damage    Failure   Level
 Freeze                   Ice            0%         1d3       100%        1
 Blink                    Tloc           0%         N/A       100%        2
 Corpse Rot               Necr/Air       0%         N/A       100%        2
 Static Discharge         Conj/Air       0%         N/A       100%        2
 Dazzling Flash           Conj/Hex       0%         N/A       100%        3
 Frozen Ramparts          Ice            0%         1d2       100%        3
 Lesser Beckoning         Tloc           0%         N/A       100%        3
 Airstrike                Air            0%         N/A       100%        4
 Animate Dead             Necr           0%         N/A       100%        4
 Dispel Undead            Necr           0%         3d6       100%        4
 Hailstorm                Conj/Ice       0%         3d3       100%        4
 Sticky Flame             Conj/Fire      0%         2d3       100%        4
 Summon Lightning Spire   Summ/Air       0%         N/A       100%        4
 Agony                    Necr           0%         N/A       100%        5
 Lightning Bolt           Conj/Air       0%         1d11      100%        5
 Manifold Assault         Tloc           0%         N/A       100%        5
 Silence                  Hex/Air        0%         N/A       100%        5
 Death Channel            Necr           0%         N/A       100%        6
 Haunt                    Necr/Summ      0%         N/A       100%        7
 Infestation              Necr           0%         N/A       100%        8


Dungeon Overview and Level Annotations

Branches:
Dungeon (15/15)            Temple (1/1) D:4            Lair (0/6) D:9
 Vaults (0/5) D:14         Depths (1/4) D:15          Sewer (visited)
Ossuary (visited)
    Orc: D:9-12

Altars:
Ashenzari
Cheibriados
Dithmenos
Elyvilon
Fedhas
Gozag
Hepliaklqana
Kikubaaqudgha
Makhleb
Nemelex Xobeh
Okawaru
Qazlal
Ru
Sif Muna
Trog
Uskayaw
Vehumet
Wu Jian
Xom
Yredelemnul
Zin
The Shining One

Shops:
D:5 ::   D:6 *   D:8 =   D:14 [*


Innate Abilities, Weirdness & Mutations

Your life essence is reduced to manifest your ancestor. (-10% HP)
You have a pair of horns on your head.
You reflexively headbutt those who attack you in melee.


Message History

The stone arrow hits the stone giant.
The stone giant hits Mbali!
There is a staircase back to the Dungeon, spattered with blood here.
The rakshasa gestures at you. The lance of force hits you!!
You stop ascending the stairs.
You are knocked back by the lance of force.
Mbali hits the stone giant with a +0 quarterstaff.
The stone giant hits Mbali!
Mbali hits the stone giant but does no damage.
You block the merfolk impaler's attack.
The stone giant throws a large rock.
The large rock hits Mbali!!
Mbali is destroyed!
You block the merfolk impaler's attack.
A tengu reaver comes into view.
It is wielding a +1 great mace and wearing a +2 scale mail of poison resistance.
The merfolk impaler hits you but does no damage.
You are poisoned.
You hit the rakshasa. You burn the rakshasa.
The rakshasa is lightly wounded.
You feel very sick. The merfolk impaler misses you.
You block the rakshasa's attack.
The merfolk impaler hits you but does no damage.
You are more poisoned.
The fire dragon breathes flames at you. The blast of flame hits you!
* * * LOW HITPOINT WARNING * * *
As you read the scroll of teleportation, it crumbles to dust.
You feel strangely unstable.
You feel very sick. The fire dragon breathes flames at you.
The blast of flame hits you!
* * * LOW HITPOINT WARNING * * *
The rakshasa gestures at you. The lance of force misses you.
The merfolk impaler hits you but does no damage.
The merfolk impaler hits you from afar with a +1 trident of venom.
* * * LOW HITPOINT WARNING * * *
You are more poisoned.
* * * LOW HITPOINT WARNING * * *
You feel very sick.
The merfolk impaler hits you from afar with a +1 trident of venom.
You die...

........≈≈.≈≈......
........≈≈.≈.......
≈≈≈.....≈≈.......#
....Q..≈≈.......#
......≈.......##
##D...D≈......#
##....C..≈....#
#....<.R@.....#
..............##..#
............m##
.....≈≈.........
........#....#...
.......###...!..#
....(.. #.......#
....... ##..###..


You could see 2 fire dragons, a stone giant, a tengu reaver, a merfolk impaler
and a rakshasa.

Vanquished Creatures
  An emperor scorpion (D:15)
  A stone giant (D:15)
  An ettin (D:15)
  A dire elephant (D:15)
  Harold (D:8)
  3 vault guards (D:14)
  A boulder beetle (D:14)
  2 hydras
  6 centaur warriors
  2 deep troll earth magi (D:15)
  5 two-headed ogres
  An iron troll (D:15)
  A deep troll (D:15)
  2 orc knights
  A deep elf pyromancer (D:13)
  A cyclops (D:11)
  An ugly thing (D:15)
  An orc sorcerer (D:14)
  5 manticores
  A gargoyle (D:12)
  A rime drake (shapeshifter) (D:14)
  4 trolls
  A wind drake (shapeshifter) (D:15)
  A hornet (D:11)
  7 slime creatures
  4 wraiths
  4 yaks (D:10)
  A basilisk (D:12)
  5 vampire mosquitoes
  2 acid dragons (D:12)
  Duvessa (D:6)
  3 orc warriors
  An ogre (D:11)
  8 centaurs
  A necrophage (D:5)
  2 kobold brigands
  A phantom (D:7)
  4 bullfrogs
  An elf zombie (Ossuary)
  A scorpion (D:9)
  A wight (D:9)
  4 killer bees
  7 howler monkeys
  5 jellies
  2 centaur zombies
  A hound (D:4)
  Crazy Yiuf (D:6)
  A centaur skeleton (D:7)
  A gnoll shaman (D:7)
  3 orc priests (D:11)
  Ijyb (D:4)
  An iguana (D:7)
  3 orc wizards
  A hound zombie (D:5)
  A hound skeleton (D:4)
  2 mummies (Ossuary)
  9 gnolls
  7 adders
  2 river rats (Sewer)
  A white imp (D:6)
  An ufetubus (D:4)
  4 adder zombies (Ossuary)
  An adder skeleton (D:4)
  2 worms (D:2)
  A dart slug (D:2)
  24 orcs
  4 bats (D:1)
  7 endoplasms
  11 giant cockroaches
  7 goblins
  7 hobgoblins
  2 quokkas
  8 ball pythons
  8 frilled lizards
  2 goblin zombies (Ossuary)
  7 hobgoblin zombies (Ossuary)
  13 kobolds
  5 kobold zombies (Ossuary)
  11 orc zombies
  5 rats
275 creatures vanquished.

Vanquished Creatures (collateral kills)
  Louise (D:15)
  Josephine (D:12)
  A vault guard (D:14)
  A centaur warrior (D:13)
  A hydra (D:15)
  4 tengu warriors
  A deep elf archer (D:14)
  A wizard (D:14)
  5 ugly things
  2 cyclopes
  A gargoyle (D:12)
  Maggie (D:9)
  An unseen horror (D:10)
  A komodo dragon (D:12)
  A troll (D:12)
  A slime creature (D:12)
  3 wraiths
  4 yaks
  A human (D:14)
  4 vampire mosquitoes
  Edmund (D:6)
  An acid dragon (D:12)
  An ice beast (D:8)
  A black bear (D:9)
  2 necrophages
  A centaur (D:8)
  A kobold brigand (D:11)
  5 bullfrogs
  2 gnoll sergeants
  A wyvern skeleton (D:7)
  Dowan (D:6)
  A water moccasin skeleton (D:5)
  A killer bee (D:6)
  3 howler monkeys (D:13)
  7 wights
  7 centaur zombies
  2 jellies
  2 hounds (D:5)
  A centaur skeleton (D:7)
  A human zombie (Ossuary)
  An iguana (D:5)
  5 orc wizards
  A killer bee zombie (D:7)
  A hound zombie (D:5)
  2 mummies
  A howler monkey skeleton (D:4)
  8 gnolls
  An adder (Sewer)
  A river rat (Sewer)
  A shadow imp (D:4)
  A white imp (D:6)
  2 dart slugs (D:4)
  6 orcs
  4 endoplasms (Sewer)
  3 giant cockroaches
  6 kobolds
  A quokka (D:6)
  A goblin zombie (Ossuary)
  A jackal zombie (Ossuary)
  4 kobold zombies
  2 orc zombies (Ossuary)
131 creatures vanquished.

Vanquished Creatures (others)
  10 battlemagi
  2 fungi (D:9)
  7 plants
19 creatures vanquished.

Grand Total: 425 creatures vanquished

Notes
Turn   | Place    | Note
-------+----------+-------------------------------------------
     0 | D:1      | issech the Minotaur Monk began the quest for the Orb.
     0 | D:1      | Reached XP level 1. HP: 19/19 MP: 0/0
   113 | D:1      | Reached XP level 2. HP: 21/27 MP: 1/1
   255 | D:1      | Reached skill level 4 in Axes
   780 | D:1      | Reached XP level 3. HP: 30/33 MP: 2/2
  2464 | D:3      | Reached XP level 4. HP: 40/40 MP: 3/3
  2494 | D:3      | Reached skill level 1 in Short Blades
  3157 | D:4      | Found a staircase to the Ecumenical Temple.
  3164 | D:4      | Reached XP level 5. HP: 41/47 MP: 4/4
  3176 | Temple   | Entered the Ecumenical Temple
  3237 | Temple   | Became a worshipper of Hepliaklqana the Forgotten
  3237 | Temple   | Reached * piety under Hepliaklqana
  3237 | Temple   | Reached ** piety under Hepliaklqana
  3238 | Temple   | Remembered your ancestor Mbali as a battlemage
  3728 | D:4      | Noticed Ijyb
  3737 | D:4      | Killed Ijyb
  4188 | D:4      | Reached XP level 6. HP: 46/47 MP: 5/5
  4481 | D:5      | Entered Level 5 of the Dungeon
  4481 | D:5      | Found Woessom's Book Emporium.
  4599 | D:5      | Reached skill level 5 in Fighting
  4599 | D:5      | Reached skill level 5 in Dodging
  4692 | D:5      | Reached XP level 7. HP: 54/54 MP: 6/6
  5140 | D:5      | Reached skill level 1 in Slings
  5140 | D:5      | Found Mufec's Book Shoppe.
  5166 | D:5      | Reached skill level 1 in Armour
  5687 | D:6      | Found a glowing drain.
  5727 | D:5      | HP: 2/54 [killer bee (5)]
  5728 | D:5      | Reached skill level 5 in Short Blades
  5730 | D:5      | Reached XP level 8. HP: 15/62 MP: 7/7
  5770 | Sewer    | Entered a sewer
  6016 | Sewer    | Reached *** piety under Hepliaklqana
  6112 | Sewer    | Found a viscous altar of Jiyva.
  6205 | D:6      | Noticed Edmund
  6215 | D:6      | Killed Edmund
  6586 | D:6      | Noticed Dowan
  6587 | D:6      | Noticed Duvessa
  6596 | D:6      | Killed Dowan
  6602 | D:6      | Killed Duvessa
  6776 | D:6      | Found Sodus's Lightly-Used Armoury.
  7315 | D:6      | Found a runed translucent door.
  7316 | D:6      | Noticed Crazy Yiuf
  7539 | D:6      | Killed Crazy Yiuf
  7930 | D:7      | Reached XP level 9. HP: 64/67 MP: 8/8
  7979 | D:7      | Reached skill level 1 in Staves
  7979 | D:7      | Reached skill level 5 in Armour
  8058 | D:7      | Noticed a cyan ugly thing
  8063 | D:7      | Killed a cyan ugly thing
  8507 | D:7      | Reached **** piety under Hepliaklqana
  8562 | D:8      | Noticed Harold
  8582 | D:8      | Found a sand-covered staircase.
  8594 | D:8      | Killed Harold
  8595 | D:8      | Reached skill level 6 in Axes
  8595 | D:8      | Reached skill level 5 in Staves
  8595 | D:8      | Reached skill level 5 in Stealth
  8671 | Ossuary  | Entered an ossuary
  9044 | Ossuary  | Reached skill level 1 in Maces & Flails
  9071 | Ossuary  | Reached XP level 10. HP: 75/77 MP: 9/9
  9213 | D:8      | Found Veuxkuat's Jewellery Shoppe.
  9847 | D:9      | Reached skill level 7 in Axes
 10325 | D:9      | Noticed Maggie
 10336 | D:9      | Killed Maggie
 10337 | D:9      | Reached skill level 8 in Axes
 10497 | D:9      | Found a staircase to the Lair.
 10602 | D:9      | Found an iron altar of Okawaru.
 10632 | D:9      | Noticed a cyclops
 10641 | D:9      | Killed a cyclops
 10642 | D:9      | Reached skill level 9 in Axes
 10815 | D:10     | Entered Level 10 of the Dungeon
 10919 | D:10     | Reached ***** piety under Hepliaklqana
 10947 | D:10     | Reached skill level 10 in Axes
 11123 | D:10     | Identified the +6 chain mail "Ugafoc" {Int+3}
 11165 | D:10     | Reached XP level 11. HP: 69/84 MP: 10/10
 11273 | D:10     | Reached skill level 11 in Axes
 11343 | D:10     | Noticed a two-headed ogre
 11350 | D:10     | Killed a two-headed ogre
 12417 | D:11     | Reached skill level 12 in Axes
 12681 | D:11     | Noticed a two-headed ogre
 12687 | D:11     | Killed a two-headed ogre
 12781 | D:11     | Noticed a two-headed ogre
 12789 | D:11     | Killed a two-headed ogre
 12790 | D:11     | Reached skill level 13 in Axes
 12946 | D:11     | Noticed a centaur warrior
 12955 | D:11     | Killed a centaur warrior
 13492 | D:11     | Found a hide-covered altar of Uskayaw.
 13599 | D:11     | You fall into a shaft and drop 1 floor!
 13622 | D:12     | Noticed a two-headed ogre
 13629 | D:12     | Killed a two-headed ogre
 13630 | D:12     | Reached skill level 14 in Axes
 13802 | D:12     | Reached skill level 15 in Axes
 13840 | D:12     | Noticed Josephine
 13849 | D:12     | Killed Josephine
 13960 | D:12     | Reached XP level 12. HP: 29/94 MP: 11/11
 14489 | D:12     | Noticed a centaur warrior
 14496 | D:12     | Killed a centaur warrior
 14497 | D:12     | Reached skill level 16 in Axes
 14986 | D:12     | Reached skill level 10 in Fighting
 14986 | D:12     | Reached skill level 10 in Armour
 15470 | D:13     | Noticed a centaur warrior
 15475 | D:13     | Killed a centaur warrior
 15752 | D:13     | Noticed a centaur warrior
 15764 | D:13     | Killed a centaur warrior
 16118 | D:13     | Noticed a tengu warrior
 16130 | D:13     | Killed a tengu warrior
 16606 | D:13     | Reached ****** piety under Hepliaklqana
 16778 | D:13     | Noticed a tengu warrior
 16792 | D:13     | Killed a tengu warrior
 16811 | D:13     | Reached skill level 17 in Axes
 17065 | D:13     | Noticed a centaur warrior
 17073 | D:13     | Killed a centaur warrior
 17260 | D:13     | Noticed an eight-headed hydra
 17270 | D:13     | Killed a six-headed hydra
 17874 | D:14     | Reached skill level 1 in Throwing
 17874 | D:14     | Reached skill level 1 in Shields
 17875 | D:14     | Noticed a boulder beetle
 17891 | D:14     | Killed a boulder beetle
 17892 | D:14     | Reached XP level 13. HP: 72/103 MP: 12/12
 18061 | D:14     | Found Nysalu's Changing Room.
 18524 | D:14     | Found a gate to the Vaults.
 18765 | D:14     | Found Zarghaiki's Armour Boutique.
 18995 | D:14     | Bought the +8 chain mail of the Modern Friars {Dex+6} for
                  | 961 gold pieces
 19118 | D:14     | Found an ornate altar of the Wu Jian Council.
 19364 | D:14     | Reached skill level 5 in Throwing
 19508 | D:15     | Entered Level 15 of the Dungeon
 19657 | D:15     | Reached skill level 1 in Long Blades
 20010 | D:15     | Noticed an emperor scorpion
 20015 | D:15     | Noticed a dire elephant
 20051 | D:15     | HP: 5/104 [dire elephant (5)]
 20053 | D:15     | Killed a dire elephant
 20424 | D:15     | Killed an emperor scorpion
 20991 | D:15     | Found a staircase to the Depths.
 21438 | Depths:1 | Entered Level 1 of the Depths
 21441 | Depths:1 | Noticed a fire dragon
 21441 | Depths:1 | Noticed a stone giant
 21443 | Depths:1 | Noticed Louise
 21600 | D:15     | Reached skill level 5 in Shields
 21853 | Depths:1 | Noticed an ettin
 21864 | Depths:1 | Noticed an ettin
 21864 | Depths:1 | Noticed a fire dragon
 22296 | Depths:1 | Noticed an ettin
 22296 | Depths:1 | Noticed a merfolk impaler
 22405 | D:15     | Killed Louise
 22536 | D:15     | Killed an ettin
 22660 | Depths:1 | Noticed a stone giant
 22699 | Depths:1 | Noticed a fire dragon
 22712 | D:15     | Killed a stone giant
 22965 | Depths:1 | Noticed a tengu reaver
 22968 | Depths:1 | HP: 4/105 [poisoned by a merfolk impaler]
 22968 | Depths:1 | Slain by a merfolk impaler

Illustrated notes

Levels and vault maps discovered:
D:1:      lemuel_arrival_cross, layout_basic, minmay_pentomino_z2
D:2:      layout_basic, corner_web_ring, serial_park_tiny_pond,
          chequers_serial_rivers_large_b
D:3:      layout_basic, minmay_liquid_box, kennysheep_generic_room_15
D:4:      minmay_razor_zed, layout_loops_ring,
          minmay_temple_entry_gardened_gates, kennysheep_windowed_goal,
          uniq_ijyb
D:5:      layout_loops_ring, serial_shops, nicolae_stop_n_shop_2, shop,
          kennysheep_minor_cross, kennysheep_small_spiral
D:6:      layout_layer_cave, portal_sewer_entry_f, minmay_shop_damaged,
          minmay_mini_ossuary, uniq_duvessa, uniq_edmund,
          uniq_crazy_yiuf_cottage
D:7:      layout_loops_ring, minmay_manual_mess
D:8:      layout_cave_pools, gup_ossuary_entry_pyramid, serial_shops,
          nicolae_square_shop, uniq_harold
D:9:      layout_roguey, okawaru_ov_weapons_minmay,
          grunt_lair_entry_orc_guard_hut, kennysheep_another_room, uniq_maggie
D:10:     layout_basic, kennysheep_generic_room_6
D:11:     layout_long_grid, erik_orc_1, nicolae_uskayaw_dance_studio
D:12:     layout_gridville, chequers_serial_rivers_micro_c, minmay_checkerbox,
          uniq_josephine
D:13:     layout_layer_cave, minmay_puff
D:14:     layout_cave_pods, grunt_vaults_entry_fortified, serial_shops,
          nicolae_shop_statue_plus, nicolae_wu_jian_wuxing_cycle,
          nicolae_transmutations_shop
D:15:     hangedman_depths_entry_try_elsewhere_first, layout_stronghold,
          dk_noncrumbling_2
Temple:   nicolae_temple_the_god_donut
Depths:1: layout_cave_pools, nicolae_abyss_entry_one_way_or_another,
          grunt_pan_entry_sceptre, amcnicky_mini_pool_small,
          pf_hell_entry_tar_spiral, st_stairs_11,
          nicolae_ru_the_path_less_chosen

Skill      XL: |  1  2  3  4  5  6  7  8  9 10 11 12 13 |
---------------+----------------------------------------+-----
Axes           | 4 6 10 15 17 | 17.8
Fighting       | 4 5 6 7 8 9 10 11 | 11.7
Stealth        | 2 3 4 5 6 |  6.5
Dodging        | 4 5 6 7 8 |  8.8
Short Blades   | 1 3 4 5 6 |  6.7
Slings         | 3 |  3.6
Armour         | 2 4 5 7 9 11 12 | 12.5
Staves         | 5 |  5.9
Maces & Flails | 1 4 |  4.8
Throwing       | 1 5 |  5.2
Shields        | 1 6 |  6.0
Long Blades    | 3 |  3.1

Action                   |  1- 3 |  4- 6 |  7- 9 | 10-12 | 13-15 || total
-------------------------+-------+-------+-------+-------+-------++-------
Melee: Hand axe          |    22 |       |       |     7 |       ||    29
       Headbutt          |    16 |    18 |    43 |    83 |    58 ||   218
       Short sword       |    79 |    66 |   100 |       |       ||   245
       Punch             |       |       |     2 |    10 |       ||    12
       Quarterstaff      |       |       |    45 |       |       ||    45
       Flail             |       |       |    48 |     2 |       ||    50
       War axe           |       |       |    36 |    46 |       ||    82
       Broad axe         |       |       |       |   283 |   136 ||   419
       Long sword        |       |       |       |       |    34 ||    34
 Fire: Hunting sling     |       |    12 |    16 |       |       ||    28
Throw: Boomerang         |       |       |     2 |    10 |    74 ||    86
Invok: Ancestor Life: Ba |       |     1 |       |       |       ||     1
       Recall Ancestor   |       |       |       |     1 |       ||     1
  Use: Scroll            |       |     5 |     6 |    12 |     3 ||    26
       Potion            |       |       |     1 |     3 |     2 ||     6
 Stab: Sleeping          |     5 |     3 |     8 |     1 |       ||    17
       Paralysed         |       |       |     1 |       |       ||     1
       Distracted        |       |       |     1 |     8 |     3 ||    12
Armor: Robe              |    21 |     6 |       |       |       ||    27
       Leather armour    |       |     2 |     7 |       |       ||     9
       Ring mail         |       |       |    60 |    28 |       ||    88
       Acid dragon scale |       |       |       |    12 |       ||    12
       Chain mail        |       |       |       |   176 |   124 ||   300
Dodge: Dodged            |    82 |    62 |   235 |   304 |    88 ||   771
Block: Other             |       |       |       |    12 |     7 ||    19
       Tower shield      |       |       |       |       |   237 ||   237
       Reflection        |       |       |       |       |    16 ||    16
